 Dungeon Crawl Stone Soup version 0.20-a0-555-gf6ae02d (webtiles) character file.

41920 Nvm9 the Protected (level 13, 0/104 HPs)
             Began as a Demonspawn Fighter on Feb 7, 2017.
             Was a Believer of Yredelemnul.
             Killed by drain life
             ... invoked by a soul eater
             ... summoned by an orc high priest
              (11 damage)
             ... on level 2 of the Orcish Mines.
             The game lasted 00:39:24 (15136 turns).

Nvm9 the Protected (Demonspawn Fighter)            Turns: 15136, Time: 00:39:24

Health: 0/104      AC: 26    Str: 23    XL:     13   Next: 82%
Magic:  3/18       EV:  4    Int: 12    God:    Yredelemnul [**....]
Gold:   1564       SH: 19    Dex: 14    Spells: 12/12 levels left

rFire    . . .     SeeInvis +   I - +5 war axe
rCold    + . .     Gourm    .   w - +0 plate armour
rNeg     . . .     Faith    .   f - +1 large shield
rPois    .         Spirit   .   (helmet unavailable)
rElec    .         Reflect  .   O - +2 cloak
rCorr    .         Harm     .   J - +0 pair of gloves
MR       .....                  P - +0 pair of boots
Stlth    ..........             z - amulet of regeneration
Regen    0.7/turn               o - ring of see invisible
                                y - +3 ring of strength

@: injury mirror
A: horns 3, talons 1, iridescent scales 2, clever 1, cold resistance 1, demonic
guardian 2, low mp 1, wild magic 1, rot immunity
a: Animate Remains, Recall Undead Slaves, Injury Mirror, Renounce Religion


You were on level 2 of the Orcish Mines.
You worshipped Yredelemnul.
Yredelemnul was pleased with you.
You were not hungry.

You visited 3 branches of the dungeon, and saw 17 of its levels.
You also visited: Ossuary and Ice Cave.

You collected 1564 gold pieces.

Inventory:

Hand Weapons
 a - a +1 war axe of chopping
 b - a +2 long sword
 k - a +0 war axe of freezing
 I - a +5 war axe (weapon)
 Y - a +1 battleaxe of freezing
 Z - a +1 arbalest of freezing
Missiles
 s - 12 tomahawks (quivered)
Armour
 f - a +1 large shield (worn)
 w - a +0 plate armour (worn)
 J - a +0 pair of gloves (worn)
 O - a +2 cloak (worn)
 P - a +0 pair of boots (worn)
 X - a +1 plate armour of fire resistance
Jewellery
 m - an uncursed ring of wizardry
 n - an uncursed ring of wizardry
 o - a ring of see invisible (right hand)
 y - a +3 ring of strength (left hand)
 z - an amulet of regeneration (around neck)
Wands
 e - a wand of paralysis (24/24)
 v - a wand of random effects (33/48)
 C - a wand of flame (40/48)
 D - a wand of lightning (0/15)
 F - a wand of polymorph (12/24)
 K - a wand of iceblast (6/15)
 Q - a wand of flame (33/48)
 V - a wand of polymorph (8/24)
 W - a wand of disintegration (10/24)
Scrolls
 c - 3 scrolls of amnesia
 g - 2 scrolls of fog
 j - 4 scrolls of identify
 l - 3 scrolls of immolation
 q - 6 scrolls of remove curse
 r - a scroll of recharging
 E - a scroll of teleportation
 M - a scroll of vulnerability
 N - 3 scrolls of fear
 T - a scroll of magic mapping
Potions
 d - 3 potions of might
 h - a potion of berserk rage
 t - 2 potions of magic
 x - 6 potions of curing
 A - a potion of agility
 G - a potion of brilliance
 H - a potion of resistance
 L - 3 potions of haste
 R - a potion of heal wounds
 S - a potion of invisibility
Books
 U - a book of Burglary

   Spells                             Type                      Level
   a - Swiftness                      Charms/Air                   2
   b - Passwall                       Transmutation/Earth          2
   c - Passage of Golubria            Translocation                4
   d - Lee's Rapid Deconstruction     Earth                        5
   e - Darkness                       Hexes                        6
   f - Invisibility                   Hexes                        6
Comestibles
 i - 2 meat rations
 p - 4 fruits
 u - 4 royal jellies
 B - 6 bread rations


   Skills:
 + Level 10.4 Fighting
 + Level 6.8 Long Blades
 + Level 9.2 Axes
 * Level 12.7 Armour
 + Level 9.7 Shields
 + Level 10.1 Invocations


You had 12 spell levels left.
You didn't know any spells.

Dungeon Overview and Level Annotations

Branches:
Dungeon (14/15)            Temple (1/1) D:7            Lair (0/6) D:9
    Orc (2/2) D:9             Elf (0/3) Orc:2
 Vaults: D:13-14

Altars:
Ashenzari
Cheibriados
Dithmenos
Elyvilon
Gozag
Hepliaklqana
Kikubaaqudgha
Makhleb
Nemelex Xobeh
Qazlal
Ru
Sif Muna
Trog
Uskayaw
Vehumet
Xom
Yredelemnul
Zin
The Shining One

Shops:
D:7 (   D:9 *

Annotations:
D:13 exclusion: obsidian statue


Innate Abilities, Weirdness & Mutations

You have a pair of large horns on your head.
You are mostly covered in iridescent scales. (AC +4)
Your flesh is cold resistant. (rC+)
A demonic guardian rushes to your aid.
You are immune to rotting.
You have sharp toenails.
Your mind is acute. (Int +2)
Your magical capacity is low. (-10% MP)
Your spells are a little harder to cast, but a little more powerful.


Message History

You can no longer animate legions of the dead.
Yredelemnul will no longer gift you servants.
Okay, then.
Unknown command.
Unknown command.
You swap places.
Your skeletal warrior hits the orc knight with a dire flail!!
The orc knight dies!
Yredelemnul accepts your kill.
The orc knight hits your skeletal warrior but does no damage.
The orc knight unwields an uncursed enchanted war axe.
The orc knight wields a runed arbalest.
It is covered in frost.
The orc knight shoots a bolt.
The bolt hits your skeletal warrior. The bolt freezes your skeletal warrior.
Your wraith hits the orc warrior.
Your wraith drains the orc warrior's vigour!
The orc warrior seems to slow down.
The orc warrior hits your wraith with a mace!
The soul eater draws from the surrounding life force!
You die...
Your body rises from the dead as a mindless zombie.

####### ###.....### ##..
###.........### ##....
#.............## #......
...............###.......
.#.#.#.#.#.#.#Z#Z#)#)#.#.
..............ZZZooo.ยง...
.))...........Z#W#o)).)..
.............ZZZ@zooo44..
.#.#.#.#.#.#.#Z#Z#o#o#)#.
...............###ooo
#.............## #oo3.
###.........### ##4...
###.....### ##.. ####### #


You could see 2 orc knights, a soul eater, 3 orc high priests, 2 orange demons,
a red devil, 6 orc warriors, a friendly skeletal warrior, a friendly wraith, a
friendly orc zombie, a friendly orc warrior zombie, 5 friendly orc priest
zombies, a friendly orc knight zombie, a friendly orc skeleton and a friendly
orc priest skeleton.

Vanquished Creatures
  A hydra (D:10)
  2 centaur warriors
  The ghost of yrara the Cleaver, a novice DDFi of Makhleb (D:9)
  2 death yaks (IceCv)
  An orc high priest (Orc:2)
  A skeletal warrior (D:14)
  2 unseen horrors
  An unseen horror (shapeshifter) (D:14)
  5 orc knights
  2 deep elf magi
  A manticore (D:14)
  2 ugly things
  3 cyclopes
  Maurice (D:10)
  An ice statue (IceCv)
  4 gargoyles
  A komodo dragon (D:10)
  A rime drake (IceCv)
  2 trolls (Orc:2)
  13 polar bears (IceCv)
  A hippogriff (D:12)
  28 yaks
  2 vampires
  A wyvern (D:8)
  A steam dragon (D:11)
  A soldier ant (D:14)
  5 water moccasins
  24 orc warriors
  11 ice beasts
  8 ogres
  3 sky beasts
  2 necrophages
  13 wolves (IceCv)
  15 centaurs
  3 phantoms
  A crocodile (D:13)
  3 big kobolds
  A gnoll sergeant (D:10)
  6 bullfrogs
  2 wyvern skeletons (D:14)
  3 scorpions
  18 wights
  5 killer bees (D:9)
  3 howler monkeys
  A crimson imp (D:8)
  4 quasits
  4 centaur zombies
  4 hounds
  A gnoll shaman (D:6)
  6 jellies
  12 orc wizards
  6 centaur skeletons
  24 orc priests
  2 bullfrog skeletons
  4 iguanas
  6 worker ants
  2 big kobold zombies (Ossuary)
  A hound zombie (D:6)
  8 mummies (Ossuary)
  A worker ant zombie (D:11)
  5 gnolls
  9 adders
  A howler monkey skeleton (D:8)
  A shadow imp (D:7)
  2 oozes
  An adder zombie (D:6)
  2 adder skeletons
  4 worms
  A dart slug (D:2)
  3 leopard geckos
  52 orcs
  3 ball pythons
  6 bats
  5 giant cockroaches
  2 gnoll zombies (Ossuary)
  9 goblins
  7 hobgoblins
  7 jackals
  5 quokkas
  4 frilled lizards
  12 kobolds
  2 kobold zombies (Ossuary)
  2 orc zombies (Ossuary)
  9 rats
447 creatures vanquished.

Vanquished Creatures (collateral kills)
  A frost giant (IceCv)
  A two-headed ogre (D:13)
  2 centaur warriors
  A tengu warrior (D:14)
  An orc high priest (Orc:2)
  Nergalle (Orc:1)
  2 orc knights (Orc:2)
  2 ugly things
  A deep elf mage (D:12)
  2 cyclopes
  A centaur skeleton (D:13)
  A troll (D:13)
  The ghost of Nvm9 the Covered, an amateur DsFi (D:5)
  A polar bear (IceCv)
  A spriggan (D:9)
  A wraith (D:14)
  5 yaks
  Grum (D:8)
  A warg (Orc:1)
  Edmund (D:5)
  9 orc warriors
  2 ogres
  2 phantoms
  11 centaurs
  7 wolves
  A big kobold (D:13)
  3 bullfrogs
  A wyvern skeleton (D:10)
  A scorpion (D:13)
  3 crimson imps
  A howler monkey (D:10)
  A hound (D:6)
  5 orc wizards
  13 orc priests
  A bullfrog skeleton (D:12)
  A worker ant (D:11)
  A gnoll (D:10)
  An adder zombie (D:8)
  An orc zombie (D:11)
  20 orcs
  6 kobolds
119 creatures vanquished.

Vanquished Creatures (others)
  A phantasmal warrior (Orc:2)
  A death yak zombie (IceCv)
  7 flying skulls (D:14)
  A yak (D:13)
  A vampire (Orc:2)
  A wraith (D:14)
  A hungry ghost (D:13)
  A manticore zombie (D:14)
  An elf zombie (D:14)
  A rime drake zombie (IceCv)
  4 polar bear zombies (IceCv)
  A troll zombie (Orc:2)
  9 yak zombies
  A wight (IceCv)
  6 wolf zombies (IceCv)
  7 centaur zombies
  A killer bee zombie (D:9)
  A sky beast zombie (D:14)
  A big kobold zombie (D:11)
  An ogre zombie (D:11)
  6 orc zombies
  5 kobold zombies (D:11)
  2 orc skeletons (Orc:2)
61 creatures vanquished.

Grand Total: 627 creatures vanquished

Notes
Turn   | Place    | Note
-------+----------+-------------------------------------------
     0 | D:1      | Nvm9 the Demonspawn Fighter began the quest for the Orb.
     0 | D:1      | Reached XP level 1. HP: 18/18 MP: 1/1
   267 | D:1      | Gained mutation: You are partially covered in iridescent scales. (AC +2) [demonic ancestry]
   267 | D:1      | Reached XP level 2. HP: 24/24 MP: 2/2
   297 | D:1      | Reached skill level 3 in Armour
   743 | D:2      | Gained mutation: You have a pair of small horns on your head. [demonic ancestry]
   743 | D:2      | Reached XP level 3. HP: 29/29 MP: 3/3
  1244 | D:3      | Gained mutation: A weak demonic guardian rushes to your aid. [demonic ancestry]
  1244 | D:3      | Reached XP level 4. HP: 28/35 MP: 4/4
  1753 | D:3      | Found a snail-covered altar of Cheibriados.
  1753 | D:3      | Found a radiant altar of Vehumet.
  1845 | D:4      | Noticed a phantom
  1883 | D:4      | Killed a phantom
  1883 | D:4      | Reached skill level 4 in Armour
  1883 | D:4      | Reached XP level 5. HP: 12/42 MP: 5/5
  2252 | D:4      | Noticed a phantom
  2266 | D:4      | Killed a phantom
  2266 | D:4      | Reached XP level 6. HP: 35/48 MP: 6/6
  2718 | D:4      | Gained mutation: Your spells are a little harder to cast, but a little more powerful. [potion of mutation]
  2718 | D:4      | Gained mutation: Your mind is acute. (Int +2) [potion of mutation]
  2718 | D:4      | Gained mutation: Your magical capacity is low. (-10% MP) [potion of mutation]
  2826 | D:5      | Entered Level 5 of the Dungeon
  2831 | D:5      | Found a radiant altar of Vehumet.
  2992 | D:5      | Noticed Edmund
  3002 | D:5      | Killed Edmund
  3046 | D:5      | Found a bloodstained altar of Trog.
  3047 | D:5      | Found a sacrificial altar of Ru.
  3049 | D:5      | Found a shattered altar of Ashenzari.
  3269 | D:5      | Found a shimmering altar of Xom.
  3296 | D:5      | Found a sand-covered staircase.
  3301 | Ossuary  | Entered an ossuary
  3326 | Ossuary  | Reached skill level 5 in Armour
  3338 | Ossuary  | Reached XP level 7. HP: 37/55 MP: 6/6
  4109 | D:5      | Noticed Nvm9's ghost (amateur DsFi)
  4124 | D:5      | Killed Nvm9's ghost
  4124 | D:5      | Reached skill level 5 in Fighting
  4325 | D:6      | Found an ancient bone altar of Kikubaaqudgha.
  4607 | D:6      | Reached skill level 6 in Armour
  4670 | D:6      | Gained mutation: You have a pair of horns on your head. [demonic ancestry]
  4670 | D:6      | Reached XP level 8. HP: 60/62 MP: 7/7
  5333 | D:7      | Found a staircase to the Ecumenical Temple.
  5354 | Temple   | Entered the Ecumenical Temple
  5392 | Temple   | Became a worshipper of Yredelemnul the Dark
  5593 | D:7      | Found Muanlik's Weapon Shop.
  5729 | D:7      | Reached skill level 5 in Shields
  5950 | D:7      | Reached skill level 7 in Armour
  6032 | D:7      | You fall through a shaft for 2 floors!
  6058 | D:10     | Entered Level 10 of the Dungeon
  6185 | D:8      | Reached skill level 5 in Axes
  6209 | D:8      | Gained mutation: You are immune to rotting. [demonic ancestry]
  6209 | D:8      | Reached XP level 9. HP: 58/69 MP: 8/8
  6228 | D:8      | Found a shadowy altar of Dithmenos.
  6298 | D:8      | HP: 3/69 [orc priest/divine providence (11)]
  6801 | D:8      | Reached * piety under Yredelemnul
  6885 | D:8      | Noticed Grum
  6892 | D:8      | Reached skill level 8 in Armour
  6905 | D:8      | Killed Grum
  7044 | D:8      | Reached skill level 1 in Invocations
  7877 | D:9      | Found a staircase to the Orcish Mines.
  7922 | D:9      | Reached XP level 10. HP: 73/79 MP: 10/10
  8036 | D:9      | Reached skill level 9 in Armour
  8255 | D:9      | Found Ekhlom's General Store.
  8258 | D:9      | Reached ** piety under Yredelemnul
  8457 | D:9      | You fall through a shaft!
  8457 | D:10     | Noticed a six-headed hydra
  8458 | D:10     | Noticed a gargoyle
  8475 | D:9      | Noticed yrara's ghost (novice DDFi)
  8489 | D:9      | Killed yrara's ghost
  8489 | D:9      | Reached skill level 1 in Long Blades
  9148 | D:9      | Found a staircase to the Lair.
  9190 | D:10     | Reached skill level 5 in Invocations
  9274 | D:10     | Killed a gargoyle
  9317 | D:10     | Killed a nine-headed hydra
  9317 | D:10     | Gained mutation: A demonic guardian rushes to your aid. [demonic ancestry]
  9317 | D:10     | Reached XP level 11. HP: 15/86 MP: 13/13
  9485 | D:10     | Noticed Maurice
  9498 | D:10     | Killed Maurice
  9498 | D:10     | Reached skill level 10 in Armour
 10328 | D:11     | Noticed a red ugly thing
 10328 | D:11     | Noticed a brown ugly thing
 10329 | D:11     | Reached *** piety under Yredelemnul
 10350 | D:11     | Killed a red ugly thing
 10357 | D:11     | HP: 2/87 [white ugly thing (34)]
 10775 | D:11     | Killed a white ugly thing
 11191 | D:12     | Received a gift from Yredelemnul (a wight)
 11536 | D:12     | Killed a deep elf mage
 11694 | D:12     | Noticed a white ugly thing
 11700 | D:12     | Killed a white ugly thing
 11744 | D:12     | Noticed an unseen horror
 11762 | D:12     | Killed an unseen horror
 11860 | D:13     | Noticed a deep elf mage
 11873 | D:13     | Killed a deep elf mage
 11880 | D:13     | Reached **** piety under Yredelemnul
 11956 | D:13     | Noticed a centaur warrior
 11957 | D:13     | Received a gift from Yredelemnul (a wight)
 11964 | D:13     | Reached skill level 11 in Armour
 11964 | D:13     | Gained mutation: You are mostly covered in iridescent scales. (AC +4) [demonic ancestry]
 11964 | D:13     | Reached XP level 12. HP: 94/94 MP: 15/15
 11966 | D:13     | Killed a centaur warrior
 12021 | D:13     | Noticed a two-headed ogre
 12027 | D:13     | Killed a two-headed ogre
 12072 | D:13     | Gained mutation: You have sharp toenails. [potion of beneficial mutation]
 12099 | D:13     | Noticed a centaur warrior
 12103 | D:13     | Received a gift from Yredelemnul (a wight)
 12122 | D:13     | Killed a centaur warrior
 12697 | D:13     | Gained mutation: You have a pair of large horns on your head. [potion of beneficial mutation]
 12854 | D:14     | Noticed a centaur warrior
 12860 | D:14     | Killed a centaur warrior
 12860 | D:14     | Reached skill level 5 in Long Blades
 12860 | D:14     | Received a gift from Yredelemnul (a wraith)
 12942 | D:14     | Found a frozen archway.
 12967 | IceCv    | Entered an ice cave
 13052 | IceCv    | Received a gift from Yredelemnul (a wight)
 13355 | IceCv    | Gained mutation: Your flesh is cold resistant. (rC+) [demonic ancestry]
 13355 | IceCv    | Reached XP level 13. HP: 80/102 MP: 17/17
 13413 | IceCv    | Noticed a frost giant
 13443 | IceCv    | Reached skill level 12 in Armour
 13694 | IceCv    | Reached ***** piety under Yredelemnul
 13697 | IceCv    | Killed a frost giant
 13873 | D:14     | Received a gift from Yredelemnul (4 flying skulls)
 14122 | D:14     | Reached skill level 10 in Fighting
 14126 | D:14     | Received a gift from Yredelemnul (3 flying skulls)
 14410 | Orc:1    | Entered Level 1 of the Orcish Mines
 14425 | Orc:1    | Noticed Nergalle
 14427 | Orc:1    | Received a gift from Yredelemnul (a vampire)
 14437 | Orc:1    | Killed Nergalle
 14505 | Orc:1    | Received a gift from Yredelemnul (a skeletal warrior)
 14614 | Orc:2    | Entered Level 2 of the Orcish Mines
 14663 | Orc:2    | Found a staircase to the Elven Halls.
 14765 | Orc:2    | Found a burning altar of Makhleb.
 15031 | Orc:2    | Received a gift from Yredelemnul (a wraith)
 15117 | Orc:2    | Received a gift from Yredelemnul (a phantasmal warrior)
 15121 | Orc:2    | Reached skill level 10 in Invocations
 15136 | Orc:2    | Killed from afar by a soul eater

Vault maps used:
D:1:      minmay_arrival_checkered_box, hex_tiny
D:2:      minmay_tetromino_l4
D:3:      amethyst_overflow_temple_binary, minmay_close_crescents
D:4:      first_bread
D:5:      lemuel_upstairs_altar, minitemple, xom_butterflies, basic_altar,
          nicolae_ossuary_entry_plus, uniq_edmund, uniq_pikel
D:6:      old_standard_altar, portal_sewer_entry_e
D:7:      minmay_temple_entry_statues_fountains, serial_shops,
          nicolae_shop_stone
D:8:      grunt_dithmenos_smoke, uniq_grum
D:9:      lair_entry_dummy, david_orc_4, serial_shops,
          nicolae_shop_competitors_out_of_business, the_bakery
D:10:     uniq_maurice
D:13:     minmay_protected_statue
D:14:     hangedman_vaults_entry_quadrant_bands, kennysheep_another_room,
          portal_ice_cave_entry_ice_beasts, minmay_door_square
Temple:   eino_temple_lava
Orc:1:    uniq_nergalle
Orc:2:    st_orc_pillars, basic_altar
Ossuary:  ossuary_tomb_3
IceCv:    ice_cave_caverns_01

Skill      XL: |  1  2  3  4  5  6  7  8  9 10 11 12 13 |
---------------+----------------------------------------+-----
Armour         | 3 4 5 6 7 8 9 11 12 | 12.7
Axes           | 2 3 4 5 6 7 8 9 |  9.2
Shields        | 3 4 5 6 7 8 9 |  9.7
Fighting       | 4 5 6 7 8 9 10 | 10.4
Invocations    | 2 5 7 8 10 | 10.1
Long Blades    | 2 4 5 6 |  6.8

Action                   |  1- 3 |  4- 6 |  7- 9 | 10-12 | 13-15 || total
-------------------------+-------+-------+-------+-------+-------++-------
Melee: War axe           |    97 |   177 |   394 |   771 |   252 ||  1691
       Headbutt          |    15 |    29 |    74 |   178 |    72 ||   368
Invok: Animate Remains   |       |       |       |    16 |       ||    16
       Injury Mirror     |       |       |       |     1 |     3 ||     4
       Animate Dead      |       |       |       |    38 |    17 ||    55
       Drain Life        |       |       |       |       |     4 ||     4
Evoke: Wand              |       |       |       |     1 |       ||     1
  Use: Scroll            |       |     8 |     6 |     8 |     5 ||    27
       Potion            |       |     6 |     9 |     6 |       ||    21
 Stab: Distracted        |       |       |     6 |     3 |     1 ||    10
       Invisible         |       |       |       |     4 |       ||     4
  Eat: Chunk             |       |     6 |     8 |     9 |     2 ||    25
       Bread ration      |       |     1 |     1 |       |       ||     2
       Fruit             |       |       |     1 |     2 |       ||     3
       Meat ration       |       |       |       |     5 |     2 ||     7
Armor: Scale mail        |    35 |   104 |    50 |       |       ||   189
       Plate armour      |       |       |   161 |   443 |   134 ||   738
Dodge: Dodged            |    25 |    48 |    74 |   101 |    31 ||   279
Block: Shield            |    44 |    69 |   123 |       |       ||   236
       Large shield      |       |       |   128 |   806 |   253 ||  1187
